 Dungeon Crawl Stone Soup version 0.30.0-29-ga12c61a403 (webtiles) character file.

Game seed: 15563614055746156578

81 cdecastro the Cudgeller (level 4, -5/58 HPs)
             Began as an Armataur Berserker on June 10, 2023.
             Was a Believer of Trog.
             Slain by a gnoll
             ... wielding a +0 whip
              (6 damage)
             ... on level 2 of the Dungeon on June 11, 2023.
             The game lasted 00:04:03 (1258 turns).

cdecastro the Cudgeller (Armataur Berserker)        Turns: 1258, Time: 00:04:04

Health: -5/58      AC:  4    Str: 25    XL:     4   Next: 19%
Magic:  4/4        EV:  9    Int:  7    God:    Trog [**....]
Gold:   112        SH:  0    Dex:  9    Spells: 3/3 levels left

rFire   . . .        a - +0 mace
rCold   . . .        (no shield)
rNeg    . . .        b - +0 animal skin
rPois   .            (no helmet)
rElec   .            (no cloak)
rCorr   .            (no gloves)
SInv    .            (no barding)
Will    .....        (no amulet) Stlth
                     (no ring)
HPRegen 0.29/turn    (no ring)
MPRegen 0.09/turn

%: roll
@: berserking, very quick
A: large, rugged brown scales 3, deformed body, armoured tail, roll, long
tongue, awkward tongue
a: Renounce Religion, Berserk, Trog's Hand


You were on level 2 of the Dungeon.
You worshipped Trog.
Trog was pleased with you.
You visited 1 branch of the dungeon, and saw 2 of its levels.

You collected 112 gold pieces.

Inventory:

Hand Weapons
 a - a +0 mace (weapon)
Armour
 b - a +0 animal skin (worn)
 f - a +0 helmet
Magical Staves
 h - a staff of cold
Scrolls
 c - 2 scrolls of fog {unknown}
 e - a scroll of magic mapping {unknown}
 g - a scroll of noise {unknown}
 i - a scroll of silence {unknown}
 j - a scroll of blinking {unknown}
Potions
 d - a potion of curing {unknown}


   Skills:
 - Level 2.6 Fighting
 + Level 4.6 Maces & Flails
 - Level 2.4 Armour
 - Level 1.3 Dodging


You had 3 spell levels left.
You didn't know any spells.
Your spell library contained the following spells:

 Spells                   Type           Power      Damage    Failure   Level
 Sandblast                Erth           0%         2d4       43%         1


Dungeon Overview and Level Annotations

Branches:
Dungeon (2/15)

Altars:


Innate Abilities, Weirdness & Mutations

You are completely covered in rugged brown scales. (AC +3, +7% HP)
Armour fits poorly on your strangely shaped body.
You have a long armoured tail.
You roll when moving toward enemies. (Rampage)
Your long tongue fully drains potion bottles. (2x potion effects)
Your tongue gives you trouble enunciating. (1.5x scroll delay)


Message History

The gnoll hits you with a +0 club!
You barely miss the gnoll.
The gnoll is severely wounded.
The gnoll hits you but does no damage.
You barely miss the gnoll.
The gnoll is severely wounded.
The gnoll hits you with a +0 club.
You hit the gnoll.
You kill the gnoll!
Trog accepts your kill.
You barely miss the gnoll. The gnoll barely misses you.
The gnoll hits you with a +0 whip.
You hit the gnoll.
The gnoll is lightly wounded.
The gnoll hits you with a +0 whip!
* * * LOW HITPOINT WARNING * * *
You barely miss the gnoll.
The gnoll is lightly wounded.
The gnoll hits you with a +0 whip.
* * * LOW HITPOINT WARNING * * *
You closely miss the gnoll.
The gnoll is lightly wounded.
The gnoll hits you with a +0 whip.
* * * LOW HITPOINT WARNING * * *
You closely miss the gnoll.
Your tail-slap misses the gnoll.
The gnoll is lightly wounded.
The gnoll hits you with a +0 whip.
* * * LOW HITPOINT WARNING * * *
You closely miss the gnoll. You tail-slap the gnoll.
The gnoll is moderately wounded.
The gnoll hits you with a +0 whip!
* * * LOW HITPOINT WARNING * * *
A red film seems to cover your vision as you go berserk!
You feel yourself moving faster!
You feel mighty! The gnoll hits you with a +0 whip.
* * * LOW HITPOINT WARNING * * *
You barely miss the gnoll.
The gnoll is moderately wounded.
The gnoll hits you with a +0 whip.
You die...

## . ###########
######.........# #
#.....).#......##.###.#
#....##.##...).@g.....#
##..#.##.##....<#####.##
.### ..........#.....#
#.... ##.##.##...##.###
### #####
##.##.##....... ..#
##### .........####.##
#.# #####.... ##.#..####
#.#####.# ..##.#.#
##....# ####.##.##.#
#.##.#.# ......#
#....#.#.#.# ##.##.#.#


You could see a gnoll.

Vanquished Creatures
  2 gnolls (D:2)
  An adder (D:2)
  A dart slug (D:1)
  9 ball pythons
  An endoplasm (D:2)
  2 giant cockroaches
  9 hobgoblins
  5 jackals (D:1)
  2 quokkas
  2 bats (D:1)
  2 frilled lizards (D:1)
  3 goblins
  4 kobolds
  3 rats (D:1)
46 creatures vanquished.

Notes
Turn   | Place    | Note
-------+----------+-------------------------------------------
     0 | D:1      | cdecastro the Armataur Berserker began the quest for the
                  | Orb.
     0 | D:1      | Reached XP level 1. HP: 19/19 MP: 1/1
    72 | D:1      | Reached skill level 3 in Maces & Flails
   221 | D:1      | Reached XP level 2. HP: 26/26 MP: 2/2
   372 | D:1      | Reached ** piety under Trog
   465 | D:1      | Reached XP level 3. HP: 32/32 MP: 3/3
   468 | D:1      | Found a faded altar of an unknown god.
   547 | D:1      | Reached skill level 4 in Maces & Flails
   675 | D:1      | Got Plato's Treatise on Amathomancy
  1246 | D:2      | Reached XP level 4. HP: 38/39 MP: 4/4
  1256 | D:2      | HP: 1/39 [gnoll/+0 whip (7)]
  1258 | D:2      | Slain by a gnoll

Illustrated notes

Levels and vault maps discovered:
D:1:      minmay_arrival_jagged, layout_rooms,
          shapermc_ecumenical_altar_rom_forum
D:2:      layout_loops_ring, hangedman_abyss_or_decor_lesser_grid

Skill      XL: |  1  2  3 |
---------------+----------+-----
Maces & Flails | 3 4 |  4.6
Fighting       | |  2.6
Armour         | |  2.4
Dodging        | |  1.3

Action                     |  1- 3 |  4- 6 || total
---------------------------+-------+-------++-------
  Melee: Mace              |   127 |    12 ||   139
         Tailslap          |    13 |     1 ||    14
 Invoke: Berserk           |       |     1 ||     1
 Armour: Animal skin       |    51 |     2 ||    53
  Dodge: Dodged            |    72 |     1 ||    73
